 Dungeon Sprint DCSS version 0.21.1-1-g345015f (webtiles) character file.

4600000 Fang the Axe Maniac (level 25, -176/257 HPs)
             Began as a Minotaur Gladiator on May 3, 2018.
             Was the Champion of Makhleb.
             Annihilated by a sculptor of flesh
             ... wielding a +9 great sword
              (251 damage)
             ... in the Dungeon (Sprint VIII: "Arena of Blood").
             The game lasted 00:01:23 (46 turns).

Fang the Axe Maniac (Minotaur Gladiator)              Turns: 46, Time: 00:01:24

Health: -176/257   AC:  6    Str: 30    XL:     25   Next: 37%
Magic:  21/53      EV: 29    Int:  5    God:    Makhleb [******]
Gold:   0          SH:  0    Dex: 13    Spells: 78/78 levels left

rFire    . . .     SeeInvis .   l - +∞ Axe of Woe
rCold    . . .     Gourm    .   (shield currently unavailable)
rNeg     . . .     Faith    .   b - +0 leather armour
rPois    .         Spirit   .   c - +0 hat
rElec    .         Reflect  .   (no cloak)
rCorr    .         Harm     .   (no gloves)
MR       +....     NoTele   +   (no boots)
Stlth    +++++++++.             (no amulet)
HPRegen  0.52/turn              (no ring)
MPRegen  0.33/turn              (no ring)

@: no status effects
A: retaliatory headbutt, horns 2
a: Minor Destruction, Lesser Servant of Makhleb, Major Destruction, Greater
Servant of Makhleb, Renounce Religion


You were in the Dungeon.
You worshipped Makhleb.
Makhleb was exalted by your worship.
You were not hungry.

You visited 1 branch

Inventory:

Hand Weapons
 a - a +0 war axe
 l - the +∞ Axe of Woe (weapon)
   (You found it in the Dungeon)
Missiles
 d - 3 throwing nets (quivered)
Armour
 b - a +0 leather armour (worn)
 c - a +0 hat (worn)
Scrolls
 k - a scroll of blinking
Potions
 e - a potion of curing
 g - a potion of heal wounds
 h - a potion of haste
 i - 2 potions of magic
 j - a potion of berserk rage
Comestibles
 f - a ration


   Skills:
 O Level 27 Fighting
 O Level 27 Axes
 O Level 27 Throwing
 O Level 27 Armour
 O Level 27 Dodging
 O Level 27 Stealth
 O Level 27 Unarmed Combat
 O Level 27 Spellcasting
 O Level 27 Invocations


You had 78 spell levels left.
You didn't know any spells.

Dungeon Overview and Level Annotations

Branches:
Dungeon (1/1)

Altars:
Makhleb

Annotations:
D The Servant


Innate Abilities, Weirdness & Mutations

You reflexively headbutt those who attack you in melee.
You have a pair of horns on your head.


Message History

You hear a shout!
An orc and an ogre come into view.
The bag of meat shouts!
You hear a shout! x4
The destroyer is engulfed in blazing flames.
The destroyer blinks!
You hear a shout!
The Servant hits you from afar with a +9 glaive of flaming!!!!
The Servant burns you!!
* * * LOW HITPOINT WARNING * * *
The bag of meat moves out of view.
The bag of meat is engulfed in blazing flames. x2
You hear a shout!
The destroyer is engulfed in blazing flames.
The destroyer blinks!
You hear a shout! x3
The crawling corpse is engulfed in blazing flames.
The crawling corpse is destroyed!
The sculptor of flesh hits you with a +9 great sword!!!!!
Ouch! That really hurt!
You die...

#..O #... ..#
....###... ..###.
........VV###......
..#........_......
#.......#.....#
.......o#§§<._# .
#.....@.#o§§x.#....
..#.....§§§o§......
...o.oz@)o###......
...oz###)§§o...###.


oOO. #V.§§...# oO #V......# .o....§... o.......... ......%§... ........%%.# You
could see The Servant, 3 destroyers, 2 sculptors of flesh, 2 meat berserkers, a
small abomination and 11 bags of meat.

Vanquished Creatures
  3 vampire knights (D)
  15 ogres (D)
  3 two-headed ogres (D)
  A hydra (D)
  17 orcs (D)
  A skeletal warrior (D)
  3 large abominations (D)
  4 crawling corpses (D)
47 creatures vanquished.

Vanquished Creatures (others)
  2 crawling corpses (D)
2 creatures vanquished.

Grand Total: 49 creatures vanquished

Notes
Turn   | Place    | Note
-------+----------+-------------------------------------------
     0 | D        | Found the +∞ Axe of Woe
     0 | D        | Fang the Minotaur Gladiator began the quest for the Orb.
     0 | D        | Reached XP level 1. HP: 18/18 MP: 0/0
     3 | D        | Noticed a bag of meat
     4 | D        | Became a worshipper of Makhleb the Destroyer
     8 | D        | Noticed a bag of meat
     9 | D        | Noticed a bag of meat
     9 | D        | Noticed a meat berserker
    10 | D        | Noticed a meat berserker
    10 | D        | Noticed a meat berserker
    11 | D        | Killed a bag of meat
    11 | D        | Reached skill level 10 in Throwing
    11 | D        | Reached XP level 2. HP: 26/41 MP: 1/1
    11 | D        | Reached XP level 3. HP: 30/48 MP: 2/2
    11 | D        | Reached XP level 4. HP: 36/56 MP: 3/3
    11 | D        | Reached XP level 5. HP: 39/62 MP: 4/4
    11 | D        | Reached XP level 6. HP: 45/70 MP: 5/5
    11 | D        | Reached XP level 7. HP: 49/77 MP: 6/6
    11 | D        | Reached XP level 8. HP: 53/83 MP: 7/7
    11 | D        | Reached XP level 9. HP: 57/90 MP: 8/8
    11 | D        | Reached XP level 10. HP: 62/97 MP: 9/9
    11 | D        | Reached XP level 11. HP: 66/104 MP: 10/10
    11 | D        | Noticed a bag of meat
    13 | D        | Noticed a bag of meat
    13 | D        | Noticed a bag of meat
    13 | D        | Killed a meat berserker
    13 | D        | Reached * piety under Makhleb
    13 | D        | Reached skill level 15 in Fighting
    13 | D        | Reached XP level 12. HP: 78/121 MP: 11/11
    13 | D        | Reached XP level 13. HP: 82/127 MP: 12/12
    13 | D        | Killed a meat berserker
    13 | D        | Reached skill level 27 in Axes
    13 | D        | Reached XP level 14. HP: 91/140 MP: 13/13
    14 | D        | Noticed a meat berserker
    15 | D        | Killed a bag of meat
    15 | D        | Reached skill level 27 in Dodging
    15 | D        | Reached XP level 15. HP: 150/155 MP: 14/14
    15 | D        | Killed a meat berserker
    15 | D        | Reached ** piety under Makhleb
    17 | D        | Noticed a meat berserker
    17 | D        | Noticed a meat berserker
    17 | D        | Noticed a meat berserker
    18 | D        | Killed a meat berserker
    18 | D        | Reached skill level 27 in Fighting
    18 | D        | Reached skill level 5 in Armour
    18 | D        | Reached XP level 16. HP: 110/183 MP: 15/15
    20 | D        | Killed a meat berserker
    20 | D        | Reached skill level 27 in Throwing
    20 | D        | Reached XP level 17. HP: 54/191 MP: 16/16
    21 | D        | Killed a meat berserker
    21 | D        | Reached *** piety under Makhleb
    21 | D        | Reached skill level 27 in Armour
    22 | D        | Noticed a large bag of meat
    22 | D        | Killed a meat berserker
    22 | D        | Reached XP level 18. HP: 147/200 MP: 16/30
    23 | D        | Reached **** piety under Makhleb
    23 | D        | Reached skill level 15 in Unarmed Combat
    23 | D        | Reached skill level 10 in Spellcasting
    23 | D        | Reached skill level 15 in Invocations
    24 | D        | Noticed a meat berserker
    25 | D        | Noticed a large bag of meat
    26 | D        | Noticed a meat berserker
    26 | D        | Noticed a destroyer
    26 | D        | Reached skill level 15 in Stealth
    26 | D        | Reached XP level 19. HP: 174/207 MP: 16/34
    27 | D        | Killed a meat berserker
    27 | D        | Reached ***** piety under Makhleb
    27 | D        | Reached skill level 15 in Spellcasting
    29 | D        | Killed a large bag of meat
    30 | D        | Noticed a large bag of meat
    30 | D        | Noticed a meat berserker
    31 | D        | Noticed an eight-headed meat hydra
    32 | D        | Noticed a meat berserker
    32 | D        | Noticed a meat berserker
    32 | D        | Noticed The Servant
    33 | D        | Killed a meat berserker
    33 | D        | Reached XP level 20. HP: 216/216 MP: 18/40
    33 | D        | Killed a nine-headed meat hydra
    33 | D        | Reached skill level 27 in Unarmed Combat
    33 | D        | Killed a large bag of meat
    33 | D        | Reached XP level 21. HP: 224/224 MP: 18/44
    34 | D        | Killed a destroyer
    34 | D        | Reached skill level 27 in Stealth
    34 | D        | Reached skill level 27 in Invocations
    34 | D        | Reached ****** piety under Makhleb
    35 | D        | Noticed a destroyer
    35 | D        | Reached skill level 27 in Spellcasting
    35 | D        | Reached XP level 22. HP: 206/233 MP: 18/52
    39 | D        | Reached XP level 23. HP: 212/240 MP: 19/53
    39 | D        | Killed a destroyer
    39 | D        | Killed a large bag of meat
    40 | D        | Noticed a destroyer
    40 | D        | Noticed a large bag of meat
    40 | D        | Reached XP level 24. HP: 249/249 MP: 19/53
    41 | D        | Noticed a destroyer
    42 | D        | Noticed a destroyer
    43 | D        | Killed a destroyer
    44 | D        | Reached XP level 25. HP: 257/257 MP: 21/53
    44 | D        | Noticed a destroyer
    45 | D        | Noticed a destroyer
    46 | D        | Annihilated by a sculptor of flesh

Skill      XL: |  1  2  3  4  5  6  7  8  9 10 11 12 13 14 15 16 17 18 19 20 21 |
---------------+----------------------------------------------------------------+-----
Fighting       | 12 15 17 20 27 | 27.0
Axes           | 20 25 27 | 27.0
Throwing       | 10 12 14 16 24 27 | 27.0
Dodging        | 19 23 26 27 | 27.0
Armour         | 5 17 27 | 27.0
Stealth        | 11 15 21 25 27 | 27.0
Unarmed Combat | 13 18 25 27 | 27.0
Spellcasting   | 9 12 17 20 27 | 27.0
Invocations    | 12 16 23 26 27 | 27.0

Action                   |  1- 3 |  4- 6 |  7- 9 | 10-12 | 13-15 | 16-18 | 19-21 | 22-24 | 25-27 || total
-------------------------+-------+-------+-------+-------+-------+-------+-------+-------+-------++-------
Melee: Executioner's axe |     1 |       |       |     1 |     2 |     5 |     5 |     7 |     1 ||    22
Dodge: Dodged            |       |       |       |       |     1 |     1 |       |     1 |       ||     3
